 Dungeon Crawl Stone Soup version 0.25.1-8-g42b30a86e7 (webtiles) character file.

Game seed: 9416901250172168994

5692 funkygono the Blocker (level 10, -7/60 HPs)
             Began as a Gargoyle Fighter on Dec 13, 2020.
             Was a Priest of Okawaru.
             Mangled by Rupert
             ... wielding a +6 vorpal great mace
              (37 damage)
             ... on level 13 of the Dungeon.
             The game lasted 00:30:40 (10187 turns).

funkygono the Blocker (Gargoyle Fighter)           Turns: 10187, Time: 00:30:40

Health: -7/60      AC: 23    Str: 22    XL:     10   Next: 76%
Magic:  11/14      EV: 11    Int: 16    God:    Okawaru [***...]
Gold:   286        SH: 18    Dex:  9    Spells: 9/9 levels left

rFire    + + .     SeeInvis .   w - +4 mace of Ycadyoch {vorpal, rF+}
rCold    . . .     Gourm    .   c - +5 kite shield
rNeg     + . .     Faith    .   C - +0 chain mail
rPois    ∞         Spirit   .   K - +0 helmet
rElec    +         Reflect  .   F - +1 cloak {MR+}
rCorr    .         Harm     .   (no gloves)
MR       +....                  (no boots)
Stlth    ..........             G - amulet of the acrobat
HPRegen  0.20/turn              B - ring of protection from fire
MPRegen  0.14/turn              M - +6 ring of intelligence

@: heroism
A: negative energy resistance 1, electricity resistance, unbreathing,
petrification resistance, rot immunity, AC +7
a: Heroism, Renounce Religion


You were on level 13 of the Dungeon.
You worshipped Okawaru.
Okawaru was most pleased with you.
You were hungry.

You visited 2 branches of the dungeon, and saw 12 of its levels.

You collected 602 gold pieces.
You spent 316 gold pieces at shops.

Inventory:

Hand Weapons
 a - a +1 flail
 d - the +0 mace of Unkifuc {drain, *Corrode rC+ rN+++ Int+2}
   (You found it on level 4 of the Dungeon)

   A truly terrible weapon, it drains the life of those it strikes.
   It affects your intelligence (+2).
   It protects you from cold.
   It renders you almost immune to negative energy.
   It may corrode you when you take damage.
 g - a +0 fustibalus
 j - the cursed +1 long sword of Bixzecow {vorpal, +Blink rElec MR-, unknown}
   (You found it on level 7 of the Dungeon)

   It inflicts extra damage upon your enemies.
   It insulates you from electricity.
   It affects your resistance to hostile enchantments.
   It lets you blink.
   It has a curse placed upon it.
 w - the +4 mace of Ycadyoch (weapon) {vorpal, rF+}
   (You found it on level 4 of the Dungeon)

   It inflicts extra damage upon your enemies.
   It protects you from fire.
 I - the cursed +2 mace of the Smoking Dragonfly {protect, +Blink +Rage rN+ Int-5}
   (You took it off an orc on level 8 of the Dungeon)

   It grants its wielder temporary protection when it strikes (+7 to AC).
   It affects your intelligence (-5).
   It protects you from negative energy.
   It lets you blink.
   It lets you go berserk.
   It has a curse placed upon it.
Missiles
 e - 39 poisoned darts
 k - 203 stones
 s - 74 sling bullets
 z - 10 boomerangs (quivered)
 H - 5 javelins
Armour
 c - a +5 kite shield (worn)
 y - a +0 cloak
 C - a +0 chain mail (worn)
 F - a +1 cloak of magic resistance (worn)
 K - a +0 helmet (worn)
Jewellery
 B - a ring of protection from fire (left hand)
 E - an uncursed ring of resist corrosion
 G - an amulet of the acrobat (around neck)
 M - a +6 ring of intelligence (right hand)
 O - an uncursed amulet of faith {unknown}
Scrolls
 i - 6 scrolls of remove curse
 o - 2 scrolls of magic mapping
 p - 9 scrolls of teleportation
 r - 5 scrolls of fog
 A - a scroll of random uselessness {unknown}
 J - a scroll of vulnerability
 L - 2 scrolls of identify
 N - a scroll of blinking
 Q - a scroll of fear
Potions
 b - 2 potions of stabbing {unknown}
 h - a potion of flight {unknown}
 l - 3 potions of ambrosia
 m - 4 potions of mutation {unknown}
 n - 2 potions of heal wounds
 q - 3 potions of curing {unknown}
 t - a potion of lignification {unknown}
 u - a potion of cancellation {unknown}
 v - 3 potions of brilliance {unknown}
 x - a potion of magic {unknown}
 D - a potion of berserk rage {unknown}
Comestibles
 f - 13 rations
 P - 5 chunks of flesh


   Skills:
 + Level 6.1(11.1) Fighting
 + Level 8.2(13.2) Maces & Flails
 + Level 3.7(8.7) Throwing
 + Level 6.6(11.6) Armour
 + Level 3.4(8.4) Dodging
 + Level 9.5(14.5) Shields
 * Level 5.9 Invocations


You had 9 spell levels left.
You didn't know any spells.
Your spell library contained the following spells:

 Spells                   Type           Power        Failure   Level  Hunger
 Cause Fear               Hex            #.........   100%        4    #####..
 Silence                  Hex/Air        #.........   100%        5    ######.
 Yara's Violent Unravell  Hex/Tmut       #.........   100%        5    ######.
 Discord                  Hex            #.........   100%        8    #######


Dungeon Overview and Level Annotations

Branches:
Dungeon (10/15)            Temple (1/1) D:5
   Lair: D:8-11         Orc: D:9-12

Altars:
Ashenzari
Cheibriados
Dithmenos
Elyvilon
Fedhas
Gozag
Hepliaklqana
Kikubaaqudgha
Makhleb
Nemelex Xobeh
Okawaru
Qazlal
Ru
Sif Muna
Trog
Uskayaw
Vehumet
Wu Jian
Xom
Yredelemnul
Zin
The Shining One

Shops:
D:4 }   D:6 }[?*[

Annotations:
D:13 Rupert, Urug


Innate Abilities, Weirdness & Mutations

You are resistant to torment.
Your stone body is resilient. (AC +7)
You are immune to poison.
You resist negative energy. (rN+)
You are resistant to electric shocks. (rElec)
You can survive without breathing.
You are immune to petrification.
You are immune to rotting.


Message History

You thump Rupert!
Rupert is severely wounded.
Rupert no longer looks unusually strong.
You block Rupert's attack.
You hit Rupert.
Rupert is severely wounded.
You block Rupert's attack.
You closely miss Rupert.
Rupert is severely wounded.
You block Rupert's attack.
You sock Rupert!
Rupert is severely wounded.
Rupert hits you with a +6 vorpal great mace!
You hit Rupert but do no damage.
Rupert is severely wounded.
You block Rupert's attack.
You feel more confident with your borrowed prowess.
Rupert hits you with a +6 vorpal great mace!!!
Ouch! That really hurt!
You die...

###+#......((..........#####
# #########'######........ #
.............#........ #
.........p...#........ #
.........ppp.#.....### #
.........pc###.....#
....######u#.......#
....#....#@#.......# ##.
#....#@#.......# #
#....#.###.....#
#....#...#.....#
#....#...÷.....# #.
#....'...##....#
#..######....#........
#............#........
#............#........
...####'###..#...#####


You could see Rupert (berserk), a cyan ugly thing, a centaur warrior and 5
humans.

Vanquished Creatures
  A centaur warrior (D:13)
  A freezing wraith (D:10)
  A hippogriff (D:7)
  A wyvern (D:10)
  A hungry ghost (D:9)
  4 vampire mosquitoes (D:10)
  4 ice beasts
  An orc warrior (D:9)
  2 phantoms
  4 ogres
  2 centaurs
  A big kobold (D:10)
  4 bullfrogs
  A wyvern zombie (D:9)
  14 killer bees
  3 scorpions
  A water moccasin skeleton (D:6)
  3 wights (D:9)
  5 howler monkeys
  A bullfrog zombie (D:5)
  A quasit (D:4)
  A centaur zombie (D:8)
  3 hounds
  2 crimson imps (D:7)
  5 orc priests
  3 jellies
  2 bullfrog skeletons (D:6)
  An iguana (D:6)
  9 orc wizards
  6 worker ants
  2 hound skeletons
  A mummy (D:5)
  2 worker ant zombies (D:7)
  7 adders
  A shadow imp (D:6)
  2 oozes
  An adder skeleton (D:4)
  3 worms
  A dart slug (D:1)
  6 leopard geckos
  30 orcs
  5 giant cockroaches
  6 goblins
  5 hobgoblins
  9 jackals
  4 quokkas
  2 ball pythons
  11 bats
  5 frilled lizards
  A goblin zombie (D:5)
  A jackal skeleton (D:5)
  8 kobolds
  An orc zombie (D:5)
  2 quokka skeletons (D:4)
  8 rats
  A bush (D:6)
213 creatures vanquished.

Notes
Turn   | Place    | Note
-------+----------+-------------------------------------------
     0 | D:1      | funkygono the Gargoyle Fighter began the quest for the Orb.
     0 | D:1      | Reached XP level 1. HP: 14/14 MP: 1/1
   341 | D:1      | Reached XP level 2. HP: 19/19 MP: 2/2
  1243 | D:2      | Reached XP level 3. HP: 4/23 MP: 3/3
  1838 | D:2      | Reached XP level 4. HP: 26/29 MP: 4/4
  2460 | D:3      | Reached skill level 4 in Shields
  2490 | D:3      | Reached skill level 1 in Dodging
  2946 | D:3      | You fall into a shaft and drop 2 floors!
  2946 | D:5      | Entered Level 5 of the Dungeon
  2966 | D:5      | Reached XP level 5. HP: 30/33 MP: 5/5
  3531 | D:5      | Found a staircase to the Ecumenical Temple.
  3562 | D:4      | Reached XP level 6. HP: 32/38 MP: 6/6
  3564 | D:4      | Got a pitted mace
  3565 | D:4      | Identified the cursed +0 mace of Unkifuc {drain, *Corrode
                  | rC+ rN+++ Int+2} (You found it on level 4 of the Dungeon)
  3638 | D:4      | Got a fine mace
  3895 | D:3      | Found a bloodstained altar of Trog.
  3895 | D:3      | Found a basalt altar of Yredelemnul.
  3898 | D:3      | Found an ornate altar of the Wu Jian Council.
  4156 | D:4      | Found Ahioqo Saef's Gadget Boutique.
  4190 | D:4      | Reached skill level 5 in Shields
  4190 | D:4      | Reached XP level 7. HP: 36/44 MP: 7/7
  4689 | D:3      | Identified the +4 mace of Ycadyoch {vorpal, rF+} (You found
                  | it on level 4 of the Dungeon)
  5594 | D:5      | Reached skill level 1 in Throwing
  5815 | Temple   | Entered the Ecumenical Temple
  5824 | Temple   | Became a worshipper of Warmaster Okawaru
  6152 | D:6      | Found Jecoeng's Antique Armour Boutique.
  6178 | D:6      | Found Fycloar's General Store.
  6199 | D:6      | Bought a cloak for 90 gold pieces
  6218 | D:6      | Bought 3 boomerangs for 16 gold pieces
  6304 | D:6      | Found Obretigy's Magic Scroll Shop.
  6332 | D:6      | Reached * piety under Okawaru
  6332 | D:6      | Reached skill level 5 in Maces & Flails
  6332 | D:6      | Reached XP level 8. HP: 24/48 MP: 8/8
  6493 | D:6      | Found Ditech's Antique Armour Emporium.
  6505 | D:6      | Bought an embroidered cloak for 210 gold pieces
  6556 | D:6      | Found Niafuil's Gadget Shoppe.
  6619 | D:6      | Reached skill level 5 in Armour
  6742 | D:6      | Reached skill level 6 in Shields
  6914 | D:7      | Noticed a hippogriff
  6934 | D:7      | Reached skill level 1 in Invocations
  6942 | D:7      | Killed a hippogriff
  6984 | D:7      | Reached skill level 7 in Shields
  7010 | D:7      | Reached skill level 5 in Fighting
  7029 | D:7      | Reached XP level 9. HP: 46/54 MP: 8/10
  7036 | D:7      | Reached ** piety under Okawaru
  7524 | D:7      | Got a twisted long sword
  7905 | D:8      | Reached skill level 8 in Shields
  7908 | D:8      | Found a shimmering blue altar of Sif Muna.
  8214 | D:8      | Identified the cursed +2 mace of the Smoking Dragonfly
                  | {protect, +Blink +Rage rN+ Int-5}
  8548 | D:8      | Found a sacrificial altar of Ru.
  8561 | D:8      | Reached *** piety under Okawaru
  9117 | D:9      | Reached XP level 10. HP: 60/60 MP: 10/13
  9465 | D:9      | Reached skill level 5 in Invocations
  9693 | D:10     | Entered Level 10 of the Dungeon
  9779 | D:10     | Reached skill level 9 in Shields
 10030 | D:10     | You fall into a shaft and drop 3 floors!
 10030 | D:13     | Noticed a centaur warrior
 10043 | D:13     | Killed a centaur warrior
 10136 | D:13     | Noticed Rupert
 10136 | D:13     | Noticed a centaur warrior
 10137 | D:13     | Noticed a cyan ugly thing
 10142 | D:13     | Noticed Urug
 10187 | D:13     | Mangled by Rupert

Illustrated notes

Levels and vault maps discovered:
D:1:      dpeg_arrival_brainrot, layout_loops_ring
D:2:      layout_loops_cross, minmay_tetromino_t2
D:3:      layout_loops_ring, nicolae_overflow_hidden_temple, first_ration
D:4:      layout_basic, serial_shops, nicolae_shop_crystal, minivault_5
D:5:      layout_cave_pods, minmay_temple_entry_mist, serial_column_ruins,
          column_ruins_hut_pillars, column_ruins_corridor_corner,
          column_ruins_open_small, column_ruins_columns_straight,
          column_ruins_grid_3, column_ruins_open_medium, column_ruins_grid_1,
          column_ruins_grid_3, nicolae_ossuary_entry_giza
D:6:      layout_basic, serial_shops, shop, nicolae_shop_overgrown_old_shop,
          nicolae_shop_overgrown_old_shop, shop, kennysheep_little_box,
          kb_lookout_dungeons_type
D:7:      layout_cave_pools, grunt_ogre_cave
D:8:      layout_basic, nicolae_ru_sacrificial_ziggurat, led_sif_book
D:9:      layout_rooms
D:10:     layout_roguey
D:13:     layout_irregular_city, david_vaults_3
Temple:   hc_temple_tempest_star

Skill      XL: |  1  2  3  4  5  6  7  8  9 10 |
---------------+-------------------------------+-----
Shields        | 4 5 7 8 9 |  9.5
Dodging        | 1 2 3 |  3.4
Maces & Flails | 3 4 5 7 8 |  8.2
Fighting       | 4 5 6 |  6.1
Armour         | 4 5 6 |  6.6
Throwing       | 1 2 3 |  3.7
Invocations    | 2 4 5 |  5.9

Action                   |  1- 3 |  4- 6 |  7- 9 | 10-12 || total
-------------------------+-------+-------+-------+-------++-------
Melee: Flail             |    28 |   156 |       |       ||   184
       Mace              |    70 |    77 |   405 |   174 ||   726
Throw: Dart              |    40 |    44 |    18 |    12 ||   114
       Boomerang         |       |       |    88 |    18 ||   106
Invok: Heroism           |       |       |    15 |    15 ||    30
  Use: Scroll            |     3 |     3 |    13 |       ||    19
       Potion            |       |     1 |     3 |       ||     4
  Eat: Chunk             |     3 |     8 |     6 |     3 ||    20
       Ration            |       |       |     3 |       ||     3
Armor: Scale mail        |    48 |   191 |    17 |       ||   256
       Chain mail        |       |       |   226 |    43 ||   269
Dodge: Dodged            |    31 |   107 |   144 |    30 ||   312
Block: Kite shield       |    57 |   152 |   402 |   131 ||   742
